 Dungeon Sprint DCSS version 0.30-a0-643-g638baaf3f0 (webtiles) character file.

Game seed: 2245253946757376003

6300000 Oxelix the Invulnerable (level 24, -128/181 HPs)
             Began as a Gargoyle Fighter on Jan 16, 2023.
             Was the Champion of Makhleb.
             Annihilated by a destroyer
             ... wielding a +9 heavy great sword
              (139 damage)
             ... in the Dungeon (Sprint VIII: "Arena of Blood").
             The game lasted 00:02:57 (63 turns).

Oxelix the Invulnerable (Gargoyle Fighter)            Turns: 63, Time: 00:02:58

Health: -128/181   AC: 31    Str: 30    XL:     24   Next: 62%
Magic:  23/42      EV: 19    Int: 11    God:    Makhleb [******]
Gold:   0          SH:  0    Dex:  9    Spells: 53/53 levels left

rFire   . . .      SeeInvis .    j - +∞ Axe of Woe
rCold   . . .      Faith    .    (shield currently unavailable)
rNeg    + . .      Spirit   .    a - +0 scale mail
rPois   ∞          Reflect  .    (no helmet)
rElec   +          Harm     .    (no cloak)
rCorr   .          Rampage  .    (no gloves)
Will    +....      NoTele   +    (no boots)
Stlth   ++++++                   (no amulet)
HPRegen 0.50/turn                (no ring)
MPRegen 0.28/turn                (no ring)

@: flying
A: sickness immunity, AC +18, big wings, negative energy resistance 1,
electricity resistance, torment resistance 1, petrification resistance
a: Renounce Religion, Minor Destruction, Lesser Servant of Makhleb, Major
Destruction, Greater Servant of Makhleb


You were in the Dungeon.
You worshipped Makhleb.
Makhleb was exalted by your worship.
You visited 1 branch

Inventory:

Hand Weapons
 j - the +∞ Axe of Woe (weapon)
   (You found it in the Dungeon)
Armour
 a - a +0 scale mail (worn)
 b - a +0 buckler
Scrolls
 i - a scroll of blinking
Potions
 c - a potion of might
 d - a potion of curing
 e - a potion of heal wounds
 f - a potion of haste
 g - 2 potions of magic
 h - a potion of berserk rage


   Skills:
 O Level 27 Fighting
 + Level 15.5(17.7) Short Blades
 + Level 14.0(16.9) Long Blades
 O Level 27 Axes
 + Level 15.2(25.3) Maces & Flails
 + Level 14.0(23.4) Polearms
 + Level 15.2(19.9) Staves
 + Level 15.2 Ranged Weapons
 + Level 15.4 Throwing
 O Level 27 Armour
 O Level 27 Dodging
 + Level 19.6 Stealth
 O Level 27 Shields
 O Level 27 Unarmed Combat
 + Level 15.4 Spellcasting
 + Level 18.1 Conjurations
 + Level 15.4 Hexes
 + Level 15.5 Summonings
 + Level 14.3 Necromancy
 + Level 15.5 Translocations
 + Level 14.3 Transmutations
 + Level 16.8 Fire Magic
 + Level 16.8 Ice Magic
 + Level 14.3 Air Magic
 + Level 19.7 Earth Magic
 + Level 16.8 Poison Magic
 O Level 27 Invocations
 + Level 15.5 Evocations


You had 53 spell levels left.
You didn't know any spells.
Your spell library was empty.

Dungeon Overview and Level Annotations

Branches:
Dungeon (1/1)

Altars:
Makhleb


Innate Abilities, Weirdness & Mutations

You are immune to sickness and miasma.
Your stone body is resilient. (AC +18)
You are immune to poison.
Your large and strong wings let you fly.
You resist negative energy. (rN+)
You are resistant to electric shocks. (rElec)
You are resistant to unholy torment.
You are immune to petrification.


Message History

Makhleb accepts your kill.
You feel better.
You slice the large abomination!!
You fatally mangle the large abomination.
You destroy the large abomination!
The large abomination disappears in a puff of smoke!
You slice the large abomination!!
You dissect the large abomination like a pig carcass.
You destroy the large abomination!
The large abomination disappears in a puff of smoke!
The large bag of meat explodes!
The fiery explosion engulfs you!!
The fiery explosion engulfs the eight-headed meat hydra!!!
The fiery explosion engulfs the destroyer!!
You hear a shout! x9
The eight-headed meat hydra is engulfed in blazing flames.
The eight-headed meat hydra calls on the powers of darkness!
The eight-headed meat hydra convulses!
The bag of meat convulses!
Your body is wracked with pain!
* * * LOW HITPOINT WARNING * * *
The meat berserker convulses!
The bag of meat convulses! x3
The destroyer gestures at you while chanting.
The destroyer blinks!
The tyrant waves its bony arms in wide circles.
The air twists around and strikes you!!
* * * LOW HITPOINT WARNING * * *
The destroyer is engulfed in blazing flames.
The destroyer gestures at you while chanting.
The destroyer blinks!
A demon appears!
The meat beast appears out of thin air!
A meat beast comes into view.
You hear a shout! x9
The tyrant is engulfed in blazing flames.
The tyrant gestures wildly while chanting.
The tyrant seems to speed up.
The eight-headed meat hydra is engulfed in blazing flames.
The eight-headed meat hydra dies!
The destroyer is engulfed in blazing flames.
The destroyer hits you with a +9 heavy great sword!!!!
Ouch! That really hurt!
You die...
O... .L.. ..o. .... .oO

...M. #O. .o.#
#.. .°M# .
..###.. °°M###..
......o###Mo.....
.....X.L@°§oOV...
.....#.§LV§#.....
... #_☼<)2# .2. .
#..XXo# .
...V.._..§..
......###......
.###.. ...###oo
#.. ...# O #..
...#


You could see 2 accurseds, a tentacled monstrosity (summoned), a meat beast
(wandering, fast), 2 tyrants, 3 destroyers, 2 large abominations, a meat
berserker (berserk), 4 bags of meat and a friendly balrug (summoned).

Vanquished Creatures
  A royal mummy (D)
  6 vampire knights (D)
  24 ogres (D)
  3 two-headed ogres (D)
  3 liches (D)
  19 orcs (D)
  2 skeletal warriors (D)
58 creatures vanquished.

Vanquished Creatures (others)
  A two-headed ogre (D)
  A hydra (D)
  An orc (D)
3 creatures vanquished.

Grand Total: 61 creatures vanquished

Notes
Turn   | Place    | Note
-------+----------+-------------------------------------------
     0 | D        | Found the +∞ Axe of Woe
     0 | D        | Oxelix the Gargoyle Fighter began the quest for the Orb.
     0 | D        | Reached XP level 1. HP: 14/14 MP: 1/1
     2 | D        | Noticed a bag of meat
     2 | D        | Noticed a bag of meat
     2 | D        | Noticed a bag of meat
     4 | D        | Noticed a bag of meat
     4 | D        | Noticed a bag of meat
     9 | D        | Killed a bag of meat
    10 | D        | Reached skill level 15 in Fighting
    10 | D        | Reached skill level 15 in Armour
    10 | D        | Reached skill level 15 in Shields
    10 | D        | Reached XP level 2. HP: 36/36 MP: 2/2
    10 | D        | Reached XP level 3. HP: 40/40 MP: 3/3
    10 | D        | Reached XP level 4. HP: 46/46 MP: 4/4
    10 | D        | Reached XP level 5. HP: 51/51 MP: 5/5
    10 | D        | Reached XP level 6. HP: 56/56 MP: 6/6
    10 | D        | Reached XP level 7. HP: 61/61 MP: 7/7
    10 | D        | Reached XP level 8. HP: 68/68 MP: 8/8
    10 | D        | Reached XP level 9. HP: 72/72 MP: 9/9
    10 | D        | Reached XP level 10. HP: 78/78 MP: 10/10
    10 | D        | Reached XP level 11. HP: 83/83 MP: 11/11
    10 | D        | Killed a bag of meat
    11 | D        | Reached XP level 12. HP: 57/92 MP: 12/12
    11 | D        | Killed a bag of meat
    12 | D        | Killed a bag of meat
    12 | D        | Killed a bag of meat
    12 | D        | Noticed a meat berserker
    13 | D        | Reached skill level 10 in Unarmed Combat
    13 | D        | Reached XP level 13. HP: 65/104 MP: 13/13
    13 | D        | Became a worshipper of Makhleb the Destroyer
    14 | D        | Noticed a bag of meat
    14 | D        | Noticed a meat berserker
    15 | D        | Killed a meat berserker
    15 | D        | Noticed a meat berserker
    15 | D        | Noticed a meat berserker
    16 | D        | Reached skill level 1 in Dodging
    16 | D        | Gained mutation: Your large and strong wings let you fly.
                  | [Gargoyle growth]
    16 | D        | Reached XP level 14. HP: 73/114 MP: 14/14
    16 | D        | Noticed a meat berserker
    17 | D        | Noticed a meat berserker
    18 | D        | Killed a meat berserker
    18 | D        | Reached * piety under Makhleb
    19 | D        | Reached XP level 15. HP: 78/120 MP: 15/15
    19 | D        | Killed a meat berserker
    20 | D        | Killed a meat berserker
    20 | D        | Noticed a destroyer
    21 | D        | Killed a meat berserker
    21 | D        | Reached ** piety under Makhleb
    21 | D        | Killed a meat berserker
    21 | D        | Noticed a meat berserker
    22 | D        | Reached skill level 27 in Fighting
    22 | D        | Reached skill level 27 in Armour
    22 | D        | Reached skill level 27 in Shields
    22 | D        | Reached XP level 16. HP: 88/133 MP: 16/16
    23 | D        | Noticed a meat berserker
    23 | D        | Noticed a meat berserker
    25 | D        | Killed a meat berserker
    25 | D        | Reached *** piety under Makhleb
    25 | D        | Noticed a meat berserker
    26 | D        | Reached XP level 17. HP: 139/139 MP: 17/17
    28 | D        | Killed a meat berserker
    29 | D        | Reached skill level 27 in Axes
    29 | D        | Killed a destroyer
    30 | D        | Reached skill level 15 in Unarmed Combat
    30 | D        | Killed a meat berserker
    30 | D        | Reached **** piety under Makhleb
    31 | D        | Reached XP level 18. HP: 145/145 MP: 18/18
    31 | D        | Noticed a meat berserker
    31 | D        | Noticed a meat berserker
    31 | D        | Noticed a large bag of meat
    31 | D        | Noticed a destroyer
    31 | D        | Noticed a sculptor of flesh
    32 | D        | Killed a meat berserker
    32 | D        | Noticed a meat berserker
    32 | D        | Noticed a meat berserker
    35 | D        | Killed a destroyer
    35 | D        | Reached ***** piety under Makhleb
    35 | D        | Noticed a meat berserker
    36 | D        | Reached XP level 19. HP: 134/151 MP: 19/19
    37 | D        | Killed a meat berserker
    37 | D        | Noticed a destroyer
    38 | D        | Reached skill level 27 in Dodging
    38 | D        | Killed a meat berserker
    38 | D        | Killed a meat berserker
    39 | D        | Reached skill level 27 in Unarmed Combat
    39 | D        | Killed a large bag of meat
    39 | D        | Noticed a meat berserker
    40 | D        | Reached skill level 5 in Stealth
    40 | D        | Reached skill level 5 in Earth Magic
    40 | D        | Reached skill level 5 in Invocations
    40 | D        | Reached XP level 20. HP: 140/157 MP: 19/25
    40 | D        | Noticed an accursed
    40 | D        | Noticed a tyrant
    40 | D        | Noticed a large bag of meat
    41 | D        | Killed a meat berserker
    41 | D        | Killed a tyrant
    42 | D        | Killed a meat berserker
    43 | D        | Reached skill level 27 in Invocations
    44 | D        | Reached skill level 5 in Long Blades
    44 | D        | Reached skill level 5 in Polearms
    44 | D        | Reached skill level 5 in Throwing
    44 | D        | Reached skill level 5 in Spellcasting
    44 | D        | Reached skill level 5 in Hexes
    44 | D        | Reached skill level 5 in Necromancy
    44 | D        | Reached skill level 5 in Transmutations
    44 | D        | Reached skill level 5 in Air Magic
    44 | D        | Reached XP level 21. HP: 136/163 MP: 19/38
    44 | D        | Noticed a destroyer
    45 | D        | Noticed a destroyer
    45 | D        | Noticed a destroyer
    45 | D        | Noticed a large bag of meat
    45 | D        | Noticed a tyrant
    46 | D        | Noticed a meat berserker
    46 | D        | Noticed a meat berserker
    46 | D        | Noticed a meat berserker
    46 | D        | Killed a destroyer
    46 | D        | Killed a large bag of meat
    47 | D        | Reached skill level 10 in Stealth
    47 | D        | Reached skill level 10 in Earth Magic
    47 | D        | Noticed a meat berserker
    48 | D        | Killed a meat berserker
    48 | D        | Noticed a destroyer
    48 | D        | Noticed an accursed
    48 | D        | Noticed a meat berserker
    49 | D        | Reached skill level 10 in Conjurations
    49 | D        | Noticed an accursed
    49 | D        | Noticed a large bag of meat
    49 | D        | Noticed a meat berserker
    50 | D        | Reached skill level 10 in Fire Magic
    50 | D        | Reached skill level 10 in Ice Magic
    50 | D        | Reached skill level 10 in Poison Magic
    50 | D        | Killed a destroyer
    50 | D        | Reached ****** piety under Makhleb
    50 | D        | Noticed a meat berserker
    51 | D        | Reached skill level 10 in Short Blades
    51 | D        | Reached skill level 10 in Maces & Flails
    51 | D        | Reached skill level 10 in Staves
    51 | D        | Reached skill level 10 in Ranged Weapons
    51 | D        | Reached skill level 10 in Throwing
    51 | D        | Reached skill level 10 in Spellcasting
    51 | D        | Reached skill level 10 in Hexes
    51 | D        | Reached skill level 10 in Summonings
    51 | D        | Reached skill level 10 in Translocations
    51 | D        | Reached skill level 10 in Evocations
    51 | D        | Reached XP level 22. HP: 146/169 MP: 21/39
    51 | D        | Killed a destroyer
    52 | D        | Reached skill level 10 in Long Blades
    52 | D        | Reached skill level 10 in Polearms
    52 | D        | Reached skill level 10 in Necromancy
    52 | D        | Reached skill level 10 in Transmutations
    52 | D        | Reached skill level 10 in Air Magic
    52 | D        | Reached skill level 15 in Earth Magic
    52 | D        | Noticed a tyrant
    52 | D        | Noticed a tyrant
    53 | D        | Noticed a destroyer
    54 | D        | Reached skill level 15 in Stealth
    54 | D        | Reached XP level 23. HP: 130/175 MP: 21/40
    54 | D        | Killed a destroyer
    54 | D        | Noticed a tyrant
    55 | D        | Killed an accursed
    56 | D        | Reached skill level 15 in Fire Magic
    56 | D        | Reached skill level 15 in Ice Magic
    56 | D        | Reached skill level 15 in Poison Magic
    56 | D        | Reached XP level 24. HP: 95/181 MP: 22/41
    56 | D        | Killed a tyrant
    56 | D        | Noticed a tyrant
    57 | D        | Reached skill level 15 in Short Blades
    57 | D        | Reached skill level 15 in Throwing
    57 | D        | Reached skill level 15 in Spellcasting
    57 | D        | Reached skill level 15 in Hexes
    57 | D        | Reached skill level 15 in Summonings
    57 | D        | Reached skill level 15 in Translocations
    57 | D        | Reached skill level 15 in Evocations
    57 | D        | Noticed a destroyer
    60 | D        | Killed a tyrant
    61 | D        | Reached skill level 15 in Maces & Flails
    61 | D        | Reached skill level 15 in Staves
    61 | D        | Reached skill level 15 in Ranged Weapons
    61 | D        | Killed a large bag of meat
    62 | D        | Killed a large bag of meat
    63 | D        | Annihilated by a destroyer

Illustrated notes

Levels and vault maps discovered:
D:        meatsprint

Skill      XL: |  1  2  3  4  5  6  7  8  9 10 11 12 13 14 15 16 17 18 19 20 21 22 23 24 |
---------------+-------------------------------------------------------------------------+-----
Fighting       | 15 18 21 23 24 27 | 27.0
Axes           | 3 4 7 9 11 21 26 27 | 27.0
Armour         | 15 18 21 23 24 27 | 27.0
Shields        | 15 18 21 23 24 27 | 27.0
Unarmed Combat | 7 9 10 11 12 16 20 27 | 27.0
Dodging        | 1 19 26 27 | 27.0
Short Blades   | 4 6 10 12 14 15 | 15.5
Long Blades    | 3 5 9 11 13 14 | 14.0
Maces & Flails | 4 6 10 11 14 15 | 15.2
Polearms       | 3 5 9 11 13 14 | 14.0
Staves         | 4 6 10 12 14 15 | 15.2
Ranged Weapons | 4 6 10 11 14 15 | 15.2
Throwing       | 3 5 10 12 14 15 | 15.4
Stealth        | 5 7 12 15 18 19 | 19.6
Spellcasting   | 3 5 10 12 14 15 | 15.4
Conjurations   | 4 7 11 14 16 18 | 18.1
Hexes          | 3 5 10 12 14 15 | 15.4
Summonings     | 4 6 10 12 14 15 | 15.5
Necromancy     | 4 5 9 11 13 14 | 14.3
Translocations | 4 6 10 12 14 15 | 15.5
Transmutations | 4 5 9 11 13 14 | 14.3
Fire Magic     | 4 6 11 13 15 16 | 16.8
Ice Magic      | 4 6 11 13 15 16 | 16.8
Air Magic      | 4 5 9 11 13 14 | 14.3
Earth Magic    | 5 8 13 15 18 19 | 19.7
Poison Magic   | 4 6 11 13 15 16 | 16.8
Invocations    | 5 27 | 27.0
Evocations     | 4 6 10 12 14 15 | 15.5

Action                   |  1- 3 |  4- 6 |  7- 9 | 10-12 | 13-15 | 16-18 | 19-21 | 22-24 || total
-------------------------+-------+-------+-------+-------+-------+-------+-------+-------++-------
Melee: Executioner's axe |     1 |       |       |     3 |     5 |     8 |    10 |    10 ||    37
Invok: Greater Servant o |       |       |       |       |       |       |     3 |     2 ||     5
Armor: Scale mail        |       |       |       |       |     1 |       |     3 |     4 ||     8

Table legend: (Time is in decaauts)
 A = Elapsed time spent in this place.
 B = Non-inter-level travel time spent in this place.
 C = Inter-level travel time spent in this place.
 D = Time resting spent in this place.
 E = Time spent auto-exploring this place.
 F = Levels seen in this place.
 G = Mean time per level.
                   A        B        C        D        E       F      G
               +--------+--------+--------+--------+--------+-----+--------+
         Total |     58 |     58 |      0 |      0 |      0 |   1 |   58.0 |
       Dungeon |     58 |     58 |      0 |      0 |      0 |   1 |   58.0 |
               +--------+--------+--------+--------+--------+-----+--------+

Top non-repeatable levels by time:
       D: 58 daAuts
